 Seeded DCSS version 0.29-a0-902-g0f71de6fce (webtiles) character file.

Game seed: 32220755 (custom seed)

362 purpskrrrp the Cudgeller (level 6, -5/37 HPs)
             Began as a Gargoyle Fighter on July 25, 2022.
             Was an Initiate of Gozag.
             Blown up by Pikel (14 damage)
             ... with a mindburst bolt
             ... on level 4 of the Dungeon.
             The game lasted 00:15:29 (3741 turns).

purpskrrrp the Cudgeller (Gargoyle Fighter)         Turns: 3741, Time: 00:15:30

Health: -5/37      AC: 11    Str: 25    XL:     6   Next: 66%
Magic:  6/6        EV:  9    Int:  9    God:    Gozag
Gold:   252        SH:  4    Dex:  9    Spells: 5/5 levels left

rFire   + . .      SeeInvis .   k - +9 mace of Division {venom, rN+ Str+4}
rCold   . . .      Faith    .   c - +0 buckler
rNeg    + + +      Spirit   .   b - +0 scale mail
rPois   ∞          Reflect  .   (no helmet)
rElec   +          Harm     .   (no cloak)
rCorr   .          Rampage  .   (no gloves)
Will    .....      Rage     3%  (no boots)
Stlth   ..........              (no amulet)
HPRegen 0.12/turn               d - ring of positive energy
MPRegen 0.10/turn               (no ring)

@: no status effects
A: sickness immunity, AC +4, negative energy resistance 1, electricity
resistance, torment resistance 1, petrification resistance, berserk 1, fire
resistance 1, MP-powered wands
a: Renounce Religion, Potion Petition, Call Merchant, Bribe Branch


You were on level 4 of the Dungeon.
You worshipped Gozag.
Gozag was aware of your devotion.
You visited 2 branches of the dungeon, and saw 5 of its levels.

You collected 341 gold pieces.
You paid 89 gold pieces to Gozag.

Inventory:

Hand Weapons
 a - a +0 flail
 k - the +9 mace of Division (weapon) {venom, rN+ Str+4}
   (You found it on level 2 of the Dungeon)

   It poisons the flesh of those it strikes.
   Str:       It affects your strength (+4).
   rN:        It protects you from negative energy.
Missiles
 e - 8 boomerangs
 f - 9 poisoned darts (quivered)
Armour
 b - a +0 scale mail (worn)
 c - a +0 buckler (worn)
 l - a +0 helmet
Jewellery
 d - a ring of positive energy (left hand)
 p - an amulet of faith
Scrolls
 j - 2 scrolls of teleportation {unknown}
 n - a scroll of silence {unknown}
 o - 2 scrolls of fear {unknown}
 s - a scroll of fog
 t - a scroll of noise {unknown}
 u - a scroll of magic mapping {unknown}
Potions
 g - a potion of heal wounds {unknown}
 h - a potion of magic {unknown}
 i - 2 potions of degeneration
 m - a potion of cancellation {unknown}
 q - 3 potions of curing {unknown}
 r - a potion of might


   Skills:
 - Level 3.2 Fighting
 + Level 6.9 Maces & Flails
 - Level 3.2 Armour
 - Level 3.2 Shields


You had 5 spell levels left.
You didn't know any spells.
Your spell library contained the following spells:

 Spells                   Type           Power      Damage    Failure   Level
 Apportation              Tloc           0%         N/A       77%         1
 Beastly Appendage        Tmut           0%         N/A       77%         1
 Necrotise                Necr           0%         1d4       77%         1
 Shock                    Conj/Air       0%         1d3       77%         1
 Summon Small Mammal      Summ           0%         N/A       77%         1
 Wereblood                Tmut           0%         N/A       88%         2
 Spider Form              Tmut/Pois      0%         N/A       98%         3
 Swiftness                Air            0%         N/A       98%         3
 Airstrike                Air            0%         0-1+      100%        4


Dungeon Overview and Level Annotations

Branches:
Dungeon (4/15)             Temple (1/1) D:4

Altars:
Fedhas
Gozag
Hepliaklqana
Kikubaaqudgha
Makhleb
Nemelex Xobeh
Okawaru
Qazlal
Ru
Sif Muna
Trog
Uskayaw
Vehumet
Wu Jian
Xom
Zin
The Shining One

Annotations:
D:4 Natasha, Pikel
Temple 2 transporters


Innate Abilities, Weirdness & Mutations

You are immune to sickness and miasma.
Your stone body is resilient. (AC +4)
You are immune to poison.
You resist negative energy. (rN+)
You are resistant to electric shocks. (rElec)
You are resistant to unholy torment.
You are immune to petrification.
You sometimes lose your temper in combat.
Your flesh is heat resistant. (rF+)
You expend magic power (3 MP) to strengthen your wands.


Message History

The hobgoblin shouts!
The lemure hits you but does no damage.
You sock the lemure!
The lemure is heavily wounded.
Pikel says, "I'm sure they'll be treated well, anyway."
Natasha, Servant of Life and Death comes into view.
You barely miss Pikel. You barely miss Pikel. You block Pikel's attack.
You hit Pikel but do no damage.
Pikel is poisoned.
Pikel zaps a wand.
You barely resist.
Natasha howls an incantation.
Natasha's front paws start to glow.
You completely miss Pikel.
Pikel is lightly wounded.
Pikel hits you but does no damage.
Natasha extends her claws.
Natasha drinks a potion.
Natasha's spells are empowered!
You hit Pikel.
Pikel looks as sick as possible!
Pikel is moderately wounded.
The lemure looks more healthy.
Pikel hits you with a +1 whip of freezing.
Pikel freezes you.
Pikel zaps a wand.
Your mind is blasted!
You closely miss Pikel.
Pikel is moderately wounded.
Natasha mumbles some strange words.
Pikel hits you but does no damage.
You hit Pikel but do no damage.
Pikel looks as sick as possible!
Pikel is moderately wounded.
Pikel hits you with a +1 whip of freezing!
Pikel freezes you.
* * * LOW HITPOINT WARNING * * *
Pikel attacks as you move away! You block Pikel's attack.
Natasha mumbles some strange words.
Pikel attacks as you move away!
Pikel hits you with a +1 whip of freezing.
* * * LOW HITPOINT WARNING * * *
Pikel freezes you.
* * * LOW HITPOINT WARNING * * *
Pikel zaps a wand.
Your mind is blasted!
You die...

#.....##.#...........# #
#.....##.##.##.#.##..##.#
#.....##.##.##.#.##......
#.....##.##.##.#.##.###.#
########.##.##.#........#
#.##..............
#.##.##.........##
#.##.########.#.# #@##.#
.#.# #.##.# .# # #K##.#
.# #5##.# .# #.##.# #5#


g5K .h55# .....# You could see Pikel (extremely poisoned), 4 lemures, Natasha
(empowered), a shadow imp (summoned), a hobgoblin and a kobold.

Vanquished Creatures
  Edmund (D:4)
  A jelly (D:4)
  An iguana (D:4)
  Natasha (twice) (D:4)
  4 adders
  3 gnolls (D:3)
  2 worms
  A dart slug (D:1)
  4 orcs (D:3)
  7 bats
  9 endoplasms
  2 giant cockroaches
  4 goblins
  3 hobgoblins
  3 jackals (D:1)
  5 ball pythons
  4 frilled lizards
  8 kobolds
  5 rats
69 creatures vanquished.

Vanquished Creatures (others)
  7 fungi (D:4)
  5 toadstools (D:4)
12 creatures vanquished.

Grand Total: 81 creatures vanquished

Notes
Turn   | Place    | Note
-------+----------+-------------------------------------------
     0 | D:1      | purpskrrrp the Gargoyle Fighter began the quest for the
                  | Orb.
     0 | D:1      | Reached XP level 1. HP: 14/14 MP: 1/1
   110 | D:1      | Reached XP level 2. HP: 10/19 MP: 2/2
   286 | D:1      | Found a faded altar of an unknown god.
   424 | D:1      | Reached skill level 3 in Maces & Flails
   904 | D:1      | Reached XP level 3. HP: 21/23 MP: 3/3
  1337 | D:1      | Gained mutation: You have a beak for a mouth. [potion of
                  | mutation]
  1337 | D:1      | Gained mutation: Your flesh is cold resistant. (rC+)
                  | [potion of mutation]
  1544 | D:2      | Identified the +9 mace of Division {venom, rN+ Str+4}
  1566 | D:2      | Reached skill level 4 in Maces & Flails
  1679 | D:2      | Reached XP level 4. HP: 28/28 MP: 4/4
  2374 | D:3      | Found a sparkling altar of Nemelex Xobeh.
  2388 | D:3      | Reached skill level 5 in Maces & Flails
  2388 | D:3      | Reached XP level 5. HP: 32/32 MP: 5/5
  2882 | D:4      | Lost mutation: You have a beak for a mouth. [potion of
                  | mutation]
  2882 | D:4      | Lost mutation: Your flesh is cold resistant. (rC+) [potion
                  | of mutation]
  2882 | D:4      | Gained mutation: You sometimes lose your temper in combat.
                  | [potion of mutation]
  2882 | D:4      | Gained mutation: You expend magic power (3 MP) to
                  | strengthen your wands. [potion of mutation]
  2882 | D:4      | Gained mutation: Your flesh is heat resistant. (rF+)
                  | [potion of mutation]
  2937 | D:4      | Found a staircase to the Ecumenical Temple.
  2948 | Temple   | Entered the Ecumenical Temple
  2948 | Temple   | Found a transporter.
  2948 | Temple   | Found a transporter.
  2950 | Temple   | Found a transporter.
  2950 | Temple   | Found a transporter.
  2967 | Temple   | Became a worshipper of Gozag Ym Sagoz the Greedy
  3148 | D:4      | Noticed Edmund
  3163 | D:4      | Killed Edmund
  3164 | D:4      | Reached skill level 6 in Maces & Flails
  3164 | D:4      | Reached XP level 6. HP: 37/37 MP: 6/6
  3170 | D:4      | Noticed Natasha
  3179 | D:4      | Killed Natasha
  3595 | D:4      | Noticed Natasha
  3601 | D:4      | Killed Natasha
  3724 | D:4      | Noticed Pikel
  3730 | D:4      | Noticed Natasha
  3741 | D:4      | Blown up by Pikel

Illustrated notes

Levels and vault maps discovered:
D:1:      ncdulo_wetmaze, layout_basic, ebering_ecumenical_altar_sacrificial,
          hangedman_feature_mirror, minmay_misc_feat_ornament,
          hangedman_decor_slide_cut
D:2:      layout_basic, minmay_small_reverse_x
D:3:      layout_loops_corners, nemelex_xobeh_ov_fountains_minmay, st_stairs_11
D:4:      layout_basic, minmay_temple_entry_slanted, minmay_gold_behind_fungi,
          uniq_pikel, uniq_natasha, uniq_edmund
Temple:   hellmonk_temple_divided_pantheon

Skill      XL: |  1  2  3  4  5 |
---------------+----------------+-----
Maces & Flails | 3 4 5 6 |  6.9
Fighting       | |  3.2
Armour         | |  3.2
Shields        | |  3.2

Action                   |  1- 3 |  4- 6 || total
-------------------------+-------+-------++-------
Melee: Flail             |    80 |       ||    80
       Mace              |     7 |    82 ||    89
       Peck              |     4 |     5 ||     9
Throw: Dart              |       |     8 ||     8
  Use: Potion            |     2 |     1 ||     3
       Scroll            |     4 |     1 ||     5
Armor: Scale mail        |    44 |    27 ||    71
Dodge: Dodged            |    49 |    23 ||    72
Block: Buckler           |    21 |    15 ||    36

Table legend: (Time is in decaauts)
 A = Elapsed time spent in this place.
 B = Non-inter-level travel time spent in this place.
 C = Inter-level travel time spent in this place.
 D = Time resting spent in this place.
 E = Time spent auto-exploring this place.
 F = Levels seen in this place.
 G = Mean time per level.
                   A        B        C        D        E       F      G
               +--------+--------+--------+--------+--------+-----+--------+
         Total |   3806 |   3719 |     87 |    642 |   2185 |   5 |  761.2 |
       Dungeon |   3765 |   3678 |     87 |    642 |   2185 |   4 |  941.2 |
        Temple |     40 |     40 |      0 |      0 |      0 |   1 |   40.0 |
               +--------+--------+--------+--------+--------+-----+--------+

Top non-repeatable levels by time:
     D:1: 1389 daAuts
     D:3: 977 daAuts
     D:4: 908 daAuts
     D:2: 489 daAuts
  Temple: 40 daAuts
